cohdb
Replays
Latest Replays
All Replays
Popular Replays
Top Player Replays
Match Explorer
How It Works
Community
CoH3 Stats
Reddit
Sign in to upload your games and track your stats! →
Sign in with Steam
Match 41452983
Unlisted
Match 41452983
Overview
Messages
Build Orders
End
Panzerpioneer Squad
Panzerpioneer Squad
250 Light Carrier
Construct Light Support Kompanie
250 Light Carrier
MG34 Team
Panzerjäger Squad
Selects Panzerjäger Kommand Battlegroup
Selects GrB 39 Grenade Launcher Requisition
Selects Mine Fields
Assault Mechanized Group
Combat Half-tracks
Fire Support Elements
Flakvierling Half-track
2.5-tonne Medical Truck
Pak 38 Anti-tank Gun Team
Flakvierling Half-track
Selects Crew Shock Tactics
Selects Defensive Positions
Construct Panzerarmee Kommand
Vehicle Survival Package
Selects Butterfly Bomb Drop
Butterfly Bomb Drop
Walking Stuka Rocket Launcher
2.5-tonne Medical Truck
Flak 36 Anti-tank Gun Team
Selects Anti-tank Overwatch
Panzerpioneer Squad
Assault Grenadier Squad
Butterfly Bomb Drop
MG34 Team
Assault Mechanized Group
Flak 36 Anti-tank Gun Team
Anti-tank Overwatch
Panzer III L Medium Tank
Armored Reserves
Butterfly Bomb Drop
chieryfox
书院三师姐
我真的不是驴
Gage
Pooby
YO BOY ANT
Monkey CPU
Monkey Master of Monkeys
0
0
Comments
sign in to comment!
No comments posted yet!